 Dungeon Crawl Stone Soup version 0.15.0-14-g6bbbb5c (webtiles) character file.

788 sprout the Cleaver (level 7, -4/61 HPs)
             Began as a Hill Orc Fighter on Sept 3, 2014.
             Slain by zercules' ghost (15 damage)
             ... on Level 5 of the Dungeon.
             The game lasted 00:11:10 (4309 turns).

sprout the Cleaver (Hill Orc Fighter)               Turns: 4309, Time: 00:11:10

HP  -4/61        AC  8     Str 25      XL: 7   Next: 87%
MP   7/7         EV  9     Int  8      God:
Gold 205         SH  0     Dex 11      Spells:  0 memorised,  6 levels left

rFire  . . .     SeeInvis .     d - +1 battleaxe
rCold  . . .     Clarity  .     b - +1 scale mail
rNeg   . . .     rCorr    .     (no shield)
rPois  .         rRot     .     (no helmet)
rElec  .         Spirit   .     (no cloak)
SustAb .         Warding  .     (no gloves)
rMut   .         Stasis   .     (no boots)
Gourm  .                        (no amulet)
MR     .....                    (no ring)
                                (no ring)

@: mighty, not resistant to hostile enchantments, extremely unstealthy
A: no striking features
a: no special abilities


You were on level 5 of the Dungeon.
You were not hungry.

You visited 2 branches of the dungeon, and saw 6 of its levels.
You also visited: Sewer.

You collected 205 gold pieces.

Inventory:

Hand weapons
 a - a +0 war axe
 d - a +1 battleaxe (weapon)
Armour
 b - a +1 scale mail (worn)
 p - a cursed +0 pair of boots
 y - a +2 cloak
Comestibles
 c - 3 bread rations
 r - 3 fruits
 w - 2 beef jerkies
Scrolls
 g - a scroll of random uselessness
 j - a scroll of immolation
 n - 4 scrolls of teleportation
 s - a scroll of blinking {unknown}
 u - a scroll of fear
 x - 2 scrolls of magic mapping
Jewellery
 f - an uncursed ring of protection from cold {unknown}
 h - a +2 ring of intelligence {unknown}
 k - an uncursed ring of regeneration {unknown}
 m - an uncursed ring of stealth {unknown}
 q - an uncursed ring of protection from fire {unknown}
 v - a +5 ring of protection {unknown}
Potions
 e - a potion of agility {unknown}
 i - 2 potions of curing {unknown}
 l - a potion of magic {unknown}
 o - a potion of heal wounds {unknown}
 t - a potion of haste {unknown}
 z - a potion of might


   Skills:
 + Level 5.0 Fighting
 * Level 10.1 Axes
 + Level 4.4 Armour
   Level 3.2 Shields


You had 6 spell levels left.
You didn't know any spells.

Dungeon Overview and Level Annotations

Branches:
Dungeon (5/15)             Temple (1/1) D:4

Altars:
Ashenzari
Dithmenos
Elyvilon
Fedhas
Kikubaaqudgha
Makhleb
Nemelex Xobeh
Trog
Vehumet
Xom
Zin
The Shining One

Shops:
D:4 (**   D:5 :

Annotations:
D:2 exclusion: oklob plant
D:5 zercules' ghost, average TrMo


Message History

Zercules' ghost hits you!
You slash zercules' ghost!
Zercules' ghost is lightly damaged.
Zercules' ghost hits you!
You slash zercules' ghost!
Zercules' ghost is moderately damaged.
Zercules' ghost closely misses you.
You barely miss zercules' ghost.
Zercules' ghost is moderately damaged.
Zercules' ghost hits you!
You closely miss zercules' ghost.
Zercules' ghost is moderately damaged.
Zercules' ghost hits you!
* * * LOW HITPOINT WARNING * * *
You closely miss zercules' ghost.
Zercules' ghost is moderately damaged.
Zercules' ghost hits you.
* * * LOW HITPOINT WARNING * * *
Zercules' ghost hits you!
You die...

#...#........#.....'......#
###'#######'###....#......#
..............###.........#
..............#...#########
..............#....#
..............#....#
#######.......'....#
%≈≈≈≈≈≈.......#....#
#######.......##@###
......###'#......W.......
......#...#.............
......#...'.............
......'...#.............
......#...#............
#############'#####'## ...
..


You could see zercules' ghost.

Vanquished Creatures
  An ogre (D:4)
  3 big kobolds (Sewer)
  2 scorpions
  A hound (D:5)
  A giant frog skeleton (D:5)
  An orc priest (D:4)
  A black bear skeleton (D:5)
  2 orc wizards
  8 adders
  A green rat (Sewer)
  A giant mite (D:5)
  A shadow imp (D:5)
  2 worms (Sewer)
  6 giant geckos
  4 oozes
  11 orcs
  4 bats
  2 giant cockroaches
  11 goblins
  9 hobgoblins
  6 jackals
  11 kobolds
  3 quokkas
  3 ball pythons (Sewer)
  5 giant newts
  A goblin skeleton (D:4)
  An orc skeleton (D:4)
  6 rats
108 creatures vanquished.

Notes
Turn   | Place    | Note
--------------------------------------------------------------
     0 | D:1      | sprout, the Hill Orc Fighter, began the quest for the Orb.
     0 | D:1      | Reached XP level 1. HP: 19/19 MP: 1/1
   406 | D:1      | Reached XP level 2. HP: 26/26 MP: 2/2
   743 | D:2      | Reached skill level 4 in Axes
   783 | D:2      | Reached XP level 3. HP: 31/31 MP: 3/3
   867 | D:2      | Reached skill level 5 in Axes
  1358 | D:2      | Found a blossoming altar of Fedhas.
  1374 | D:2      | Noticed an oklob plant
  1648 | D:3      | Reached XP level 4. HP: 23/39 MP: 4/4
  1649 | D:3      | Reached skill level 6 in Axes
  2273 | D:4      | Found Frusauha's Weapon Shoppe.
  2289 | D:4      | Reached XP level 5. HP: 15/45 MP: 5/5
  2495 | D:4      | Noticed an ogre
  2514 | D:4      | Killed an ogre
  2514 | D:4      | Reached skill level 8 in Axes
  2516 | D:4      | Reached XP level 6. HP: 28/51 MP: 6/6
  2584 | D:4      | Found Thaunnesm's Assorted Antiques.
  2848 | D:4      | Found a staircase to the Ecumenical Temple.
  2886 | Temple   | Entered the Ecumenical Temple
  3213 | D:4      | Found a bloodstained altar of Trog.
  3253 | D:4      | Found Ghuyssosu's General Store.
  3360 | D:5      | Entered Level 5 of the Dungeon
  3420 | D:5      | Found Phyudd's Book Shop.
  3484 | D:5      | Reached skill level 9 in Axes
  3484 | D:5      | Reached XP level 7. HP: 38/59 MP: 7/7
  3894 | D:5      | Found a glowing drain.
  3908 | Sewer    | Entered a sewer
  4164 | Sewer    | Reached skill level 5 in Fighting
  4164 | Sewer    | Reached skill level 10 in Axes
  4302 | D:5      | Noticed zercules' ghost (average TrMo)
  4309 | D:5      | Slain by zercules' ghost

Action                   |  1- 3 |  4- 6 |  7- 9 || total
-------------------------+-------+-------+-------++-------
Melee: War axe           |    95 |    54 |       ||   149
       Battleaxe         |       |    76 |   124 ||   200
  Use: Scroll            |       |    11 |       ||    11
       Potion            |       |     1 |     1 ||     2
  Eat: Chunk             |     2 |     1 |     1 ||     4
       Meat ration       |       |     1 |     1 ||     2
       Fruit             |       |       |     1 ||     1
